 Dungeon Crawl Stone Soup version 0.28.0 (webtiles) character file.

Game seed: 13893750292844141154

49 Strat the Distorting Demonspawn (level 3, -3/29 HPs)
             Began as a Demonspawn Abyssal Knight on Feb 14, 2022.
             Was a Believer of Lugonu.
             Killed from afar by Sigmund (10 damage)
             ... with a puff of flame
             ... on level 2 of the Dungeon.
             The game lasted 00:05:33 (1837 turns).

Strat the Distorting Demonspawn (DsAK)              Turns: 1837, Time: 00:05:33

Health: -3/29      AC:  8    Str: 15    XL:     3   Next: 53%
Magic:  6/6        EV:  9    Int: 11    God:    Lugonu [**....]
Gold:   106        SH:  0    Dex: 13    Spells: 2/2 levels left

rFire   . . .      SeeInvis .   a - +1 mace
rCold   . . .      Faith    .   (no shield)
rNeg    . . .      Spirit   .   t - +0 scale mail
rPois   .          Reflect  .   (helmet restricted)
rElec   .          Harm     .   n - +0 cloak
rCorr   .          Rampage  .   (no gloves)
Will    .....                   e - +0 pair of boots
Stlth   ..........              (no amulet)
HPRegen 0.09/turn               (no ring)
MPRegen 0.10/turn               (no ring)

@: confused
A: antennae 1, spiny 1
a: Renounce Religion, Depart the Abyss, Bend Space


You were on level 2 of the Dungeon.
You worshipped Lugonu.
Lugonu was pleased with you.
You visited 1 branch of the dungeon, and saw 3 of its levels.
You visited the Abyss 1 time.

You collected 106 gold pieces.

Inventory:

Hand Weapons
 a - a +1 mace (weapon)
 b - a +0 hunting sling
Missiles
 h - 24 stones
 k - 26 sling bullets
 l - 5 curare-tipped darts
 s - 4 javelins
Armour
 e - a +0 pair of boots (worn)
 i - a +0 leather armour
 n - a +0 cloak (worn)
 t - a +0 scale mail (worn)
Jewellery
 g - a ring of willpower
Scrolls
 c - a scroll of immolation {unknown}
 d - 2 scrolls of magic mapping {unknown}
 j - a scroll of teleportation {unknown}
 q - a scroll of enchant weapon {unknown}
 u - a scroll of enchant armour {unknown}
 v - a scroll of noise {unknown}
Potions
 f - a potion of haste {unknown}
 m - a potion of berserk rage {unknown}
 o - a potion of invisibility {unknown}
 p - a potion of heal wounds {unknown}
 r - 2 potions of lignification {unknown}


   Skills:
 - Level 3.0 Fighting
 + Level 2.7 Maces & Flails
 - Level 1.7 Armour
 - Level 0.8 Dodging
 - Level 4.1 Invocations


You had 2 spell levels left.
You didn't know any spells.
Your spell library contained the following spells:

 Spells                   Type           Power      Damage    Failure   Level
 Animate Skeleton         Necr           0%         N/A       80%         1
 Pain                     Necr           0%         1d4       80%         1
 Vampiric Draining        Necr           0%         2d6       99%         3


Dungeon Overview and Level Annotations

Branches:
Dungeon (3/15)

Altars:

Shops:
D:1 =

Annotations:
D:2 Sigmund
D:3 Terence


Innate Abilities, Weirdness & Mutations

You have a pair of small antennae on your head.
You are partially covered in sharp spines.


Message History

There is a stone staircase leading down here.
Sigmund is nearby!
Sigmund shouts!
Sigmund gestures at you while chanting. The magic dart hits you.
There is a stone staircase leading down here.
Sigmund gestures wildly while chanting.
Sigmund flickers and vanishes!
Deactivating autopickup; reactivate with Ctrl-A.
You climb downwards.
Level annotation: Terence Reactivating autopickup.
Terence shouts!
Terence hits you but does no damage.
There is a stone staircase leading up here.
Terence hits you but does no damage.
You climb upwards.
Level annotation: Sigmund
There is a stone staircase leading down here.
Something hits you!
* * * LOW HITPOINT WARNING * * *
Deactivating autopickup; reactivate with Ctrl-A.
You barely miss something.
You hear some strange, mumbled words.
Something tries to affect you, but you resist.
You closely miss something. Something hits you!
* * * LOW HITPOINT WARNING * * *
Something hits you.
* * * LOW HITPOINT WARNING * * *
Something tries to affect you, but you resist.
You are confused.
You are more confused.
You bump into the rock wall.
You're too confused to move!
Something tries to affect you, but you resist.
Sigmund appears from thin air!
Reactivating autopickup.
Sigmund casts a spell at you. The puff of flame hits you!
You die...

#....# #.#.## ### #.####
##<..# # #####.##### #...##
# #.........# #..## #
#.........# ##..# #
#.......†.####..##
#.........##...##
#.........#..#####
#..........@.....####
#.........######.@..########
########### ####.........
#########. ##


You could see Sigmund.

Vanquished Creatures
  A worm (D:2)
  2 dart slugs (D:2)
  A ball python (D:1)
  5 endoplasms
  A giant cockroach (D:2)
  5 goblins
  4 hobgoblins (D:2)
  8 jackals
  2 quokkas
  2 bats (D:2)
  3 frilled lizards
  3 rats (D:2)
37 creatures vanquished.

Notes
Turn   | Place    | Note
-------+----------+-------------------------------------------
     0 | Abyss:1  | Strat the Demonspawn Abyssal Knight began the quest for the
                  | Orb.
     0 | Abyss:1  | Reached XP level 1. HP: 18/18 MP: 2/2
     4 | D:1      | Escaped the Abyss
    55 | D:1      | Found Mogh's Jewellery Boutique.
   227 | D:1      | Reached skill level 3 in Invocations
   271 | D:1      | Gained mutation: You are partially covered in sharp spines.
                  | [demonic ancestry]
   271 | D:1      | Reached XP level 2. HP: 24/24 MP: 4/4
   921 | D:2      | Noticed Sigmund
   997 | D:3      | Noticed Terence
  1007 | D:2      | Reached ** piety under Lugonu
  1008 | D:2      | Reached skill level 4 in Invocations
  1027 | D:2      | Gained mutation: You have a pair of small antennae on your
                  | head. [demonic ancestry]
  1027 | D:2      | Reached XP level 3. HP: 16/29 MP: 6/6
  1346 | D:2      | Found a faded altar of an unknown god.
  1837 | D:2      | Killed from afar by Sigmund

Illustrated notes

Levels and vault maps discovered:
D:1:      mrwooster_arrival_statue_3, layout_rooms, serial_shops, shop,
          minivault_5
D:2:      layout_rooms, shapermc_ecumenical_altar_ellora,
          kennysheep_generic_room_13, uniq_sigmund
D:3:      wander_river, layout_loops_cross, gammafunk_ghost_arena, uniq_terence

Skill      XL: |  1  2 |
---------------+-------+-----
Invocations    | 3 4 |  4.1
Maces & Flails | 2 |  2.7
Fighting       | |  3.0
Armour         | |  1.7
Dodging        | |  0.8

Action                   || total
-------------------------++-------
Melee: Mace              ||    49
 Fire: Hunting sling     ||    63
Armor: Leather armour    ||    18
       Scale mail        ||     8
Dodge: Dodged            ||    40
